 Dungeon Crawl Stone Soup version 0.26-a0-228-g29f007ebfe (webtiles) character file.

Game seed: 9114779948781480495

33 Flugkiller the Digger (level 3, -4/26 HPs)
             Began as a Draconian Earth Elementalist on July 7, 2020.
             Killed by divine providence
             ... invoked by an orc priest
              (13 damage)
             ... on level 4 of the Dungeon.
             The game lasted 00:03:25 (423 turns).

Flugkiller the Digger (Draconian Earth Elementalist) Turns: 423, Time: 00:03:25

Health: -4/26      AC:  5    Str: 10    XL:     3   Next: 12%
Magic:  3/6        EV: 12    Int: 16    God:
Gold:   54         SH:  0    Dex: 11    Spells: 1/7 levels left

rFire    . . .     SeeInvis .   e - +0 spear
rCold    . . .     Faith    .   (no shield)
rNeg     . . .     Spirit   .   (armour unavailable)
rPois    .         Reflect  .   (helmet restricted)
rElec    .         Harm     .   (no cloak)
rCorr    .                      (no gloves)
MR       .....                  (no boots)
Stlth    ++........             (no amulet)
HPRegen  0.08/turn              (no ring)
MPRegen  0.10/turn              (no ring)

@: no status effects
A: unfitting armour, cold-blooded, AC +5
a: no special abilities


You were on level 4 of the Dungeon.
You were not hungry.

You visited 1 branch of the dungeon, and saw 4 of its levels.

You collected 54 gold pieces.

Inventory:

Hand Weapons
 e - a +0 spear (weapon)
   (You found it on level 1 of the Dungeon)
Missiles
 b - 43 stones (quivered)
 f - 21 poisoned darts
Armour
 h - a +0 buckler
   (You found it on level 4 of the Dungeon)
Scrolls
 d - 2 scrolls of identify {unknown}
Comestibles
 c - 2 rations


   Skills:
 - Level 1.7 Dodging
 - Level 1.7 Stealth
 + Level 2.5 Spellcasting
 - Level 1.0 Transmutations
 * Level 3.9 Earth Magic


You had one spell level left.
You knew the following spells:

 Your Spells              Type           Power        Failure   Level
a - Sandblast             Erth           ##....       4%          1
b - Passwall              Tmut/Erth      #.......     11%         2
c - Stone Arrow           Conj/Erth      #.....       26%         3

Your spell library contained the following spells:

 Spells                   Type           Power        Failure   Level
 Petrify                  Tmut/Erth      #.......     56%         4
 Lee's Rapid Deconstruct  Erth           ##........   73%         5


Dungeon Overview and Level Annotations

Branches:
Dungeon (4/15)
 Temple: D:4-7

Altars:
Uskayaw
The Shining One


Innate Abilities, Weirdness & Mutations

Your plain brown scales are hard. (AC +5)
You cannot fit into any form of body armour.
You are cold-blooded and may be slowed by cold attacks.


Message History

You are no longer poisoned.
Found 4 gold pieces.
Casting: Sandblast (safe; 4% risk of failure)
Confirm with . or Enter, or press ? or * to list all spells.
Aiming: Sandblast (safe; 4% risk of failure)
Press: ? - help, Shift-Dir - straight line, f - orc
Aim: an orc, wielding a +0 flail The blast of sand hits the orc!
You kill the orc!
b - 45 stones
Casting: Sandblast (safe; 4% risk of failure)
Confirm with . or Enter, or press ? or * to list all spells.
You can't see any susceptible monsters within range! (Use Z to cast anyway.) Unknown command.
You now have 54 gold pieces (gained 4).
You open the door.
Found a hide-covered altar of Uskayaw.
An orc and an orc wizard come into view.
The orc wizard shouts!
You hear a shout! x2
An orc priest comes into view. It is wielding a +0 flail.
The orc wizard moves out of view.
The orc shouts!
An orc comes into view. It is wielding a +0 hand axe.
A jackal comes into view. 2 jackals and a scorpion come into view.
A jackal comes into view.
Found a scroll labeled YKAGUSHRYULI.
The jackal barks! x2; You hear a bark!
The jackal barks!
The jackal bites you but does no damage.
The jackal bites you but does no damage.
Casting: Sandblast (safe; 4% risk of failure)
Confirm with . or Enter, or press ? or * to list all spells.
Aiming: Sandblast (safe; 4% risk of failure)
Press: ? - help, Shift-Dir - straight line, f - jackal
Aim: a jackal The blast of sand hits the jackal.
The jackal is almost dead.
b - 44 stones
Casting: Sandblast (safe; 4% risk of failure)
Confirm with . or Enter, or press ? or * to list all spells.
Aiming: Sandblast (safe; 4% risk of failure)
Press: ? - help, Shift-Dir - straight line, f/p - jackal
Aim: a jackal (almost dead)
The blast of sand hits the jackal.
You kill the jackal!
b - 43 stones The orc priest mumbles some strange prayers to Beogh against you.
Beogh smites you!
Ouch! That really hurt!
You die...

#.......##
##.....## #......##
###
##..#...###.#####
#....#........#...
###...............
##....#....).....
##....#......###..
#@.##...#....#_#..
##h##...#....#'#..
#hh#.##..........
#s..(##.........#
..#...o#....o#...##
.........o.#..##.##
..#........######.#
#........# #..
##.##..... ##oo


You could see a scorpion, an orc priest, an orc wizard and 3 jackals.

Vanquished Creatures
  An adder (D:3)
  An ooze (D:4)
  3 orcs
  A ball python (D:3)
  A giant cockroach (D:1)
  A hobgoblin (D:1)
  2 jackals (D:4)
  4 kobolds
  2 frilled lizards
  A rat (D:2)
17 creatures vanquished.

Notes
Turn   | Place    | Note
-------+----------+-------------------------------------------
     0 | D:1      | Flugkiller the Draconian Earth Elementalist began the quest
                  | for the Orb.
     0 | D:1      | Reached XP level 1. HP: 14/14 MP: 3/3
   209 | D:3      | Found a glowing golden altar of the Shining One.
   218 | D:3      | Reached XP level 2. HP: 15/20 MP: 3/5
   226 | D:3      | Learned a level 2 spell: Passwall
   323 | D:4      | Reached XP level 3. HP: 23/26 MP: 2/6
   337 | D:4      | Learned a level 3 spell: Stone Arrow
   408 | D:4      | Found a hide-covered altar of Uskayaw.
   414 | D:4      | Noticed a scorpion
   423 | D:4      | Killed from afar by an orc priest

Illustrated notes

Levels and vault maps discovered:
D:1:      erik_arrival_blinker_ship, layout_basic, minmay_misc_feat_square
D:2:      layout_loops_ring, marbit_many_paths, nicolae_overflow_crystal_walls,
          lemuel_round_altar, uniq_jessica
D:3:      layout_basic, tso_metal_star, doesnt_xom_only_xom, first_ration
D:4:      layout_cave_pools, kennysheep_mini_moat

Action                   || total
-------------------------++-------
Melee: Spear             ||    27
       Tailslap          ||     1
 Cast: Sandblast         ||    24
  Use: Scroll            ||     3
       Potion            ||     1
Armor: Skin              ||    17
Dodge: Dodged            ||    31

Table legend:
 A = Non-vault XP
 B = Vault XP
 C = Vault XP percentage of total XP
 D = Non-vault monster count
 E = Vault monster count
 F = Vault count percentage of total count
                 A         B        C        D         E       F
            +---------+---------+-------+---------+---------+-------
      Total |      48 |       0 |   0.0 |      17 |       0 |   0.0
            +---------+---------+-------+---------+---------+-------
        D:1 |       9 |       0 |   0.0 |       5 |       0 |   0.0
        D:2 |       2 |       0 |   0.0 |       2 |       0 |   0.0
        D:3 |      23 |       0 |   0.0 |       6 |       0 |   0.0
        D:4 |      14 |       0 |   0.0 |       4 |       0 |   0.0
            +---------+---------+-------+---------+---------+-------
